 Dungeon Crawl Stone Soup version 0.22.1-2-g9c5b331383 (webtiles) character file.

75 Ihlosi the Sneak (level 4, 0/24 HPs)
             Began as a Kobold Enchanter on Dec 26, 2018.
             Succumbed to an adder's poison
             ... on level 2 of the Dungeon.
             The game lasted 00:04:50 (1532 turns).

Ihlosi the Sneak (Kobold Enchanter)                 Turns: 1532, Time: 00:04:50

Health: 0/24       AC:  2    Str:  5    XL:     4   Next: 55%
Magic:  3/7        EV: 16    Int: 22    God:
Gold:   32         SH:  0    Dex: 16    Spells: 4/7 levels left

rFire    . . .     SeeInvis .   a - +3 short sword
rCold    . . .     Gourm    .   (shield restricted)
rNeg     . . .     Faith    .   b - +0 robe
rPois    .         Spirit   .   (no helmet)
rElec    .         Reflect  .   (no cloak)
rCorr    .         Harm     .   (no gloves)
MR       .....                  (no boots)
Stlth    +++.......             (no amulet)
HPRegen  0.08/turn              g - +6 ring of intelligence
MPRegen  0.10/turn              (no ring)

@: lethally poisoned (0 -> -3)
A: small, carnivore
a: no special abilities


You were on level 2 of the Dungeon.
You were very full.

You visited 1 branch of the dungeon, and saw 2 of its levels.

You collected 32 gold pieces.

Inventory:

Hand Weapons
 a - a +3 short sword (weapon)
 c - a +1 dagger
Armour
 b - a +0 robe (worn)
Jewellery
 g - a +6 ring of intelligence (left hand)
Scrolls
 e - a scroll of fog {unknown}
 f - a scroll of fear {unknown}
 h - a scroll of identify {unknown}
 i - a scroll of enchant armour {unknown}
Comestibles
 d - 4 rations


   Skills:
 * Level 0.5 Fighting
 * Level 2.5 Short Blades
 * Level 3.2 Dodging
 * Level 5.0 Stealth
 * Level 2.4 Spellcasting
 * Level 3.4 Hexes


You had 4 spell levels left.
You knew the following spells:

 Your Spells              Type           Power        Failure   Level  Hunger
a - Corona                Hex            ###....      3%          1    None
b - Ensorcelled Hibernat  Hex/Ice        ##....       10%         2    ##.....

Your spell library contained the following spells:

 Spells                   Type           Power        Failure   Level  Hunger
 Confuse                  Hex            ###.....     10%         3    ###....
 Tukima's Dance           Hex            ###.....     10%         3    ###....
 Dazzling Spray           Conj/Hex       ##....       19%         3    ###....


Dungeon Overview and Level Annotations

Branches:
Dungeon (2/15)

Altars:


Innate Abilities, Weirdness & Mutations

You are small and have problems with some larger weapons.
You are carnivorous and can eat meat at any time.


Message History

You kill the adder!
Your Stealth skill increases to level 5!
* * * LOW HITPOINT WARNING * * *
You feel sick.
Things that are here:
a ration; an adder corpse
There is a lethal amount of poison in your body!
d - 4 rations (gained 1)
* * * LOW HITPOINT WARNING * * *
You feel sick.
A kobold comes into view.
The kobold moves out of view.
* * * LOW HITPOINT WARNING * * *
You feel sick.
Found 19 arrows.
* * * LOW HITPOINT WARNING * * *
You feel sick.
* * * LOW HITPOINT WARNING * * *
You feel sick.
You die...

### ..# #.#### #....##
#######@....#
#...........#
..#####.....# #....##
###### #.#.###
#K....##.#...##########
##.##...#.#............#
.(....#...#.#.########.#
#...###.#.# #.#


There were no monsters in sight!

Vanquished Creatures
  Jessica (D:2)
  2 adders (D:2)
  4 goblins (D:1)
  4 hobgoblins (D:1)
  11 bats
  2 frilled lizards (D:1)
  5 kobolds
  5 rats (D:1)
34 creatures vanquished.

Vanquished Creatures (others)
  4 toadstools (D:1)
4 creatures vanquished.

Grand Total: 38 creatures vanquished

Notes
Turn   | Place    | Note
-------+----------+-------------------------------------------
     0 | D:1      | Ihlosi the Kobold Enchanter began the quest for the Orb.
     0 | D:1      | Reached XP level 1. HP: 10/10 MP: 3/3
   503 | D:1      | Reached XP level 2. HP: 6/15 MP: 0/5
   553 | D:1      | Learned a level 2 spell: Ensorcelled Hibernation
  1138 | D:1      | Reached XP level 3. HP: 18/19 MP: 6/6
  1496 | D:2      | Noticed Jessica
  1502 | D:2      | Killed Jessica
  1502 | D:2      | Reached XP level 4. HP: 24/24 MP: 4/7
  1520 | D:2      | Reached skill level 5 in Stealth
  1529 | D:2      | HP: 1/24 [poisoned by an adder]
  1532 | D:2      | Succumbed to an adder's poison

Skill      XL: |  1  2  3  4 |
---------------+-------------+-----
Dodging        | 3 |  3.2
Short Blades   | 2 |  2.5
Stealth        | 5 |  5.0
Fighting       | |  0.5
Spellcasting   | |  2.4
Hexes          | |  3.4

Action                   |  1- 3 |  4- 6 || total
-------------------------+-------+-------++-------
Melee: Dagger            |   145 |       ||   145
       Short sword       |     7 |    12 ||    19
 Cast: Corona            |     3 |       ||     3
       Ensorcelled Hiber |     1 |     2 ||     3
 Stab: Sleeping          |     8 |       ||     8
  Eat: Chunk             |     9 |       ||     9
Armor: Robe              |    29 |       ||    29
Dodge: Dodged            |   151 |    11 ||   162
